 Dungeon Sprint DCSS version 0.27.1-33-g824d729ab1 (webtiles) character file.

Game seed: 17798069203239925336

1817 manyhoops the Scorcher (level 8, -4/57 HPs)
             Began as a Demigod Fire Elementalist on Nov 27, 2021.
             Shot with an arrow by a centaur warrior (19 damage)
             ... in the Dungeon (Sprint I: "Red Sonja").
             The game lasted 00:03:24 (1237 turns).

manyhoops the Scorcher (Demigod Fire Elementalist)  Turns: 1237, Time: 00:03:24

Health: -4/57      AC:  2    Str:  9    XL:     8   Next: 55%
Magic:  4/19       EV: 12    Int: 25    God:
Gold:   485        SH:  0    Dex: 14    Spells: 4/17 levels left

rFire    . . .     SeeInvis .   (no weapon)
rCold    . . .     Faith    .   (no shield)
rNeg     . . .     Spirit   .   a - +0 robe
rPois    .         Reflect  .   (no helmet)
rElec    .         Harm     .   (no cloak)
rCorr    .         Rampage  .   (no gloves)
Will     .....     NoTele   +   (no boots)
Stlth    ++........             (no amulet)
HPRegen  0.19/turn              (no ring)
MPRegen  0.16/turn              (no ring)

@: no status effects
A: high mp 1, forlorn
a: no special abilities


You were in the Dungeon.
You visited 1 branch You collected 485 gold pieces.

Inventory:

Armour
 a - a +0 robe (worn)
Wands
 c - a wand of flame (5)
Potions
 b - a potion of curing
 e - a potion of magic
 f - a potion of mutation {unknown}


   Skills:
 - Level 1.7 Dodging
 - Level 1.7 Stealth
 - Level 5.0 Spellcasting
 + Level 7.6 Conjurations
 + Level 15.2 Fire Magic


You had 4 spell levels left.
You knew the following spells:

 Your Spells              Type           Power      Damage    Failure   Level
a - Foxfire               Conj/Fire      100%       2x1d9     1%          1
b - Conjure Flame         Conj/Fire      59%        6-21      1%          3
c - Sticky Flame          Conj/Fire      59%        2d7       1%          4
d - Fireball              Conj/Fire      29%        3d13      1%          5

Your spell library contained the following spells:

 Spells                   Type           Power      Damage    Failure   Level
 Inner Flame              Hex/Fire       44%        N/A       1%          3


Dungeon Overview and Level Annotations

Branches:
Dungeon (1/1)

Shops:
D =(


Innate Abilities, Weirdness & Mutations

Your attributes grow dramatically as you level up.
You have an increased reservoir of magic. (+10% MP)
You shall have no god before yourself.


Message History

You open the door.
There is an open door here.
You close the door.
Found Miwnaf's Jewellery Boutique.
You start resting.
You start resting.
A centaur warrior opens the door.
Casting: Fireball (dangerous; 1% risk of failure)
Confirm with . or Enter, or press ? or * to list all spells.
Aiming: Fireball (dangerous; 1% risk of failure)
Press: ? - help, Shift-Dir - straight line, f - centaur warrior
Aim: a centaur warrior, quivering arrows (wandering, hasn't noticed you)
The fireball explodes!
The fireball engulfs the centaur warrior!!
The centaur warrior is heavily wounded.
The centaur warrior shouts!
You hear a shout!
The centaur warrior wields a +0 longbow.
The centaur warrior shoots an arrow.
The arrow hits you!!
* * * LOW HITPOINT WARNING * * *
Unknown command.
Casting: Fireball (dangerous; 1% risk of failure)
Confirm with . or Enter, or press ? or * to list all spells.
Aiming: Fireball (dangerous; 1% risk of failure)
Press: ? - help, Shift-Dir - straight line, f/p - centaur warrior
Aim: a centaur warrior, wielding a +0 longbow and quivering arrows (heavily wounded)
The fireball explodes!
The fireball engulfs the centaur warrior!
The centaur warrior is heavily wounded.
The centaur warrior drinks a potion.
The centaur warrior is healed!
Unknown command.
Casting: Fireball (dangerous; 1% risk of failure)
Confirm with . or Enter, or press ? or * to list all spells.
Aiming: Fireball (dangerous; 1% risk of failure)
Press: ? - help, Shift-Dir - straight line, f/p - centaur warrior
Aim: a centaur warrior, wielding a +0 longbow and quivering arrows (heavily wounded)
The fireball explodes!
The fireball engulfs the centaur warrior!
The centaur warrior is severely wounded.
The centaur warrior shoots an arrow.
The arrow hits you!!
You die...

#.)#####'#####'#__####
.. #..####..#...#(####
# #..#__####..##.#§§§
#).#_____##'#_§§§§§
#⌠⌠#_.∩...'..)§#≈≈§
####_..__##_.#'##'#
#_____###+#.# (?!
###########.### ###
∩......@.'c.$'.
##++++####..$## ##.##
#+#


You could see a centaur warrior.

Vanquished Creatures
  Sonja (D)
  2 kobold demonologists (D)
  A slime creature (D)
  Sigmund (D)
  A yak (D)
  A floating eye (D)
  An ogre (D)
  A jelly (D)
  Ijyb (D)
10 creatures vanquished.

Vanquished Creatures (others)
  A gargoyle (D)
  37 foxfires (D)
38 creatures vanquished.

Grand Total: 48 creatures vanquished

Notes
Turn   | Place    | Note
-------+----------+-------------------------------------------
     0 | D        | manyhoops the Demigod Fire Elementalist began the quest for
                  | the Orb.
     0 | D        | Reached XP level 1. HP: 14/14 MP: 5/5
     2 | D        | Noticed Ijyb
    16 | D        | Killed Ijyb
    17 | D        | Reached skill level 5 in Spellcasting
    17 | D        | Reached XP level 2. HP: 4/20 MP: 3/10
   289 | D        | Noticed an ogre
   303 | D        | Killed an ogre
   304 | D        | Reached skill level 1 in Conjurations
   304 | D        | Reached skill level 6 in Fire Magic
   304 | D        | Reached XP level 3. HP: 26/26 MP: 4/12
   304 | D        | Reached XP level 4. HP: 33/33 MP: 4/14
   308 | D        | Killed a gargoyle
   383 | D        | Noticed Sigmund
   393 | D        | Killed Sigmund
   394 | D        | Reached skill level 10 in Fire Magic
   394 | D        | Reached XP level 5. HP: 30/38 MP: 10/15
   484 | D        | Learned a level 3 spell: Conjure Flame
   489 | D        | Learned a level 4 spell: Sticky Flame
   495 | D        | Learned a level 5 spell: Fireball
   580 | D        | Found Vuliewk's Weapon Emporium.
   580 | D        | Noticed a yak
   585 | D        | Killed a yak
   586 | D        | Reached skill level 11 in Fire Magic
   586 | D        | Reached XP level 6. HP: 31/45 MP: 9/16
   709 | D        | Noticed a slime creature
   717 | D        | Killed a slime creature
   718 | D        | Reached skill level 5 in Conjurations
   718 | D        | Reached skill level 12 in Fire Magic
   718 | D        | Reached XP level 7. HP: 49/50 MP: 5/18
   818 | D        | Noticed a kobold demonologist
   819 | D        | Noticed a kobold demonologist
   820 | D        | Noticed a soul eater
   842 | D        | Noticed a smoke demon
   843 | D        | Noticed a neqoxec
   846 | D        | Killed a kobold demonologist
   847 | D        | Reached skill level 13 in Fire Magic
  1069 | D        | Noticed a demonic crawler
  1069 | D        | Noticed a demonic crawler
  1069 | D        | Noticed a demonic crawler
  1069 | D        | Noticed a demonic crawler
  1086 | D        | Noticed Sonja
  1089 | D        | Killed Sonja
  1090 | D        | Reached skill level 14 in Fire Magic
  1090 | D        | Reached XP level 8. HP: 10/57 MP: 5/19
  1150 | D        | Killed a kobold demonologist
  1151 | D        | Reached skill level 15 in Fire Magic
  1162 | D        | Found Miwnaf's Jewellery Boutique.
  1235 | D        | Noticed a centaur warrior
  1237 | D        | Shot with an arrow by a centaur warrior

Illustrated notes

Levels and vault maps discovered:
D:        dungeon_sprint_1 [red_sonja_temple_1, red_sonja_temple_small_1]

Skill      XL: |  1  2  3  4  5  6  7  8 |
---------------+-------------------------+-----
Spellcasting   | 5 |  5.0
Conjurations   | 1 3 4 5 7 |  7.6
Fire Magic     | 6 10 11 12 14 15 | 15.2
Dodging        | |  1.7
Stealth        | |  1.7

Action                   |  1- 3 |  4- 6 |  7- 9 || total
-------------------------+-------+-------+-------++-------
Melee: Unarmed           |     8 |       |       ||     8
 Cast: Foxfire           |     9 |    14 |     2 ||    25
       Sticky Flame      |       |     3 |     2 ||     5
       Fireball          |       |     1 |    10 ||    11
  Use: Potion            |     2 |       |     2 ||     4
       Scroll            |       |       |     1 ||     1
Armor: Robe              |       |       |     1 ||     1
Dodge: Dodged            |     8 |     5 |    11 ||    24
